 Dungeon Crawl Stone Soup version 0.32-a0-576-g706899e69d (webtiles) character file.

Game seed: 5380293596688558737

7552 Sobieck the Geomancer (level 10, -4/69 HPs)
             Began as a Mountain Dwarf Earth Elementalist on Mar 1, 2024.
             Was a Follower of Vehumet.
             Slain by Erolcha
             ... wielding a +0 giant club
              (34 damage)
             ... on level 9 of the Dungeon.
             The game lasted 00:13:53 (9166 turns).

Sobieck the Geomancer (MDEE)                        Turns: 9166, Time: 00:13:53

Health: -4/69      AC:  9    Str: 10    XL:     10   Next: 96%
Magic:  25/30      EV: 10    Int: 21    God:    Vehumet [*.....]
Gold:   357        SH:  0    Dex: 10    Spells: 19/23 levels left

rFire   . . .        e - +2 dagger (elec)
rCold   . . .        (no shield)
rNeg    . . .        q - +1 ring mail
rPois   +            (no helmet)
rElec   .            A - +0 cloak
rCorr   .            (no gloves)
SInv    .            (no boots)
Will    +....        (no amulet)
Stlth   +            o - ring of poison resistance
HPRegen 0.31/turn    l - ring of magical power
MPRegen 0.22/turn

%: no passive effects
@: no status effects
A: runic magic, artefact enchanting
a: Renounce Religion


You were on level 9 of the Dungeon.
You worshipped Vehumet.
Vehumet was aware of your devotion.
You visited 2 branches of the dungeon, and saw 10 of its levels.

You collected 439 gold pieces.
You spent 82 gold pieces at shops.

Inventory:

Hand Weapons
 e - a +2 dagger of electrocution (weapon)
Missiles
 F - a curare-tipped dart
Armour
 a - a +0 robe
 q - a +1 ring mail (worn)
 y - a +0 buckler
 A - a +0 cloak (worn)
Jewellery
 c - a ring of ice
 g - a ring of resist corrosion
 l - a ring of magical power (right hand)
 n - a +4 ring of protection
 o - a ring of poison resistance (left hand)
 s - an amulet of guardian spirit
Wands
 w - a wand of polymorph (11)
Scrolls
 h - a scroll of silence {!r}
 j - 3 scrolls of noise
 m - a scroll of enchant armour
 p - a scroll of poison
 v - a scroll of revelation
 z - a scroll of amnesia {unknown}
 T - 2 scrolls of teleportation
Potions
 b - a potion of magic
 d - 3 potions of attraction
 f - a potion of brilliance
 i - a potion of lignification {unknown}
 r - 2 potions of heal wounds {unknown}
 t - a potion of might {unknown}
 u - a potion of enlightenment {unknown}
 x - a potion of cancellation
 H - 2 potions of haste
 Q - 3 potions of curing


   Skills:
 + Level 9.2 Armour
 - Level 1.3 Dodging
 - Level 1.4 Stealth
 + Level 7.3 Spellcasting
 - Level 0.8 Conjurations
 * Level 13.4 Earth Magic


You had 19 spell levels left.
You knew the following spells:

 Your Spells              Type           Power      Damage    Failure   Level
a - Sandblast             Erth           100%       2d20      1%          1
b - Stone Arrow           Conj/Erth      74%        3d11      1%          3

Your spell library contained the following spells:

 Spells                   Type           Power      Damage    Failure   Level
 Foxfire                  Conj/Fire      36%        2x1d5     9%          1
 Passwall                 Erth           59%        N/A       1%          3
 Brom's Barrelling Bould  Conj/Erth      37%        2d6       5%          4
 Petrify                  Alch/Erth      35%        N/A       6%          4
 Sting                    Conj/Alch      36%        1d5       9%          1
 Necrotise                Necr           28%        1d5       10%         1
 Mercury Vapours          Alch/Air       14%        N/A       16%         2
 Mephitic Cloud           Conj/Alch/Air  8%         N/A       26%         3
 Inner Flame              Hex/Fire       7%         N/A       30%         3
 Vampiric Draining        Necr           7%         2d6       30%         3
 Flame Wave               Conj/Fire      9%         2d6       63%         4
 Martyr's Knell           Necr/Summ      7%         N/A       69%         4
 Olgreb's Toxic Radiance  Alch           7%         N/A       69%         4
 Sticky Flame             Fire/Alch      7%         2d4       69%         4
 Vhi's Electric Charge    Tloc/Air       14%        N/A       69%         4
 Arcjolt                  Conj/Air       4%         1d14      93%         5
 Freezing Cloud           Conj/Ice/Air   4%         6-21      94%         5
 Curse of Agony           Necr           7%         N/A       95%         5
 Plasma Beam              Fire/Air       3%         2x1d13    100%        6


Dungeon Overview and Level Annotations

Branches:
Dungeon (9/15)             Temple (1/1) D:6
   Lair: D:8-11         Orc: D:9-12

Altars:
Ashenzari
Cheibriados
Dithmenos
Elyvilon
Fedhas
Gozag
Hepliaklqana
Kikubaaqudgha
Makhleb
Nemelex Xobeh
Okawaru
Qazlal
Ru
Sif Muna
Trog
Uskayaw
Vehumet
Wu Jian
Xom
Yredelemnul
Zin
The Shining One

Shops:
D:4 ?   D:5 *

Annotations:
D:3 3 runed translucent doors, AutarchDCSS's ghost, amateur CoBr; Jaxible's ghost, amateur TrBe; Splishie's ghost, amateur GnMo; THTSBRD's ghost, weakling CoGl
D:9 3 runed translucent doors, Erolcha; Joseph; lunkers's ghost, journeyman CoGl


Innate Abilities, Weirdness & Mutations

Your spellcasting is much less encumbered by armour.
You can use scrolls of enchantment on lesser artefacts.


Message History

Casting: Stone Arrow (safe; 1% risk of failure)
Confirm with . or Enter, or press ? or * to list all spells.
Aiming: Stone Arrow (safe; 1% risk of failure)
Press: ? - help, Shift-Dir - straight line, f/p - vampire
Aim: a vampire (heavily damaged, 74% to hit)
The stone arrow hits the vampire!!
You destroy the vampire!
Vehumet accepts your kill.
Vehumet offers you knowledge of Foxfire.
Erolcha the Cunning comes into view.
She is wielding a +0 giant club.
Unknown command.
Casting: Stone Arrow (safe; 1% risk of failure)
Confirm with . or Enter, or press ? or * to list all spells.
You can't see any susceptible monsters within range! (Use Z to cast anyway.) Unknown command.
Unknown command.
Erolcha shouts!
Unknown command.
Casting: Stone Arrow (safe; 1% risk of failure)
Confirm with . or Enter, or press ? or * to list all spells.
Aiming: Stone Arrow (safe; 1% risk of failure)
Press: ? - help, Shift-Dir - straight line, f - Erolcha
Aim: Erolcha, wielding a +0 giant club and wearing a +0 robe (84% to hit)
The stone arrow hits Erolcha.
Erolcha is lightly wounded.
Erolcha mumbles some strange words.
Erolcha flickers and vanishes!
Deactivating autopickup; reactivate with Ctrl-A.
Casting: Stone Arrow (safe; 1% risk of failure)
Confirm with . or Enter, or press ? or * to list all spells.
You can't see any susceptible monsters within range! (Use Z to cast anyway.) Unknown command.
Unknown command.
Casting: Stone Arrow (safe; 1% risk of failure)
Confirm with . or Enter, or press ? or * to list all spells.
Aiming: Stone Arrow (safe; 1% risk of failure)
Press: ? - help, Shift-Dir - straight line
Casting: Stone Arrow (safe; 1% risk of failure)
Confirm with . or Enter, or press ? or * to list all spells.
You don't know that spell.
You barely miss something. Something hits you!
You hit something.
Unknown command.
Casting: Stone Arrow (safe; 1% risk of failure)
Confirm with . or Enter, or press ? or * to list all spells.
Okay, then.
You hit something. Something hits you!!
* * * LOW HITPOINT WARNING * * *
You hit something. Lightning courses through something! Something hits you!!
You die...

#......# ###.......##......
#......## #.........##......
#.......# #...<)....'.......
#.......######......###.....
#...>.........).....+.'.....
#...........#.รท.....###.....
#..........)#.......# #.....
#######.....#[......# #.####
##...@+..###### #.#
###....#...#######+####
#......#...............
#......####.##.........
#......# #............
#......# ###..........
#......# ##......... ###....#
#......... #....# #.......##


There were no monsters in sight!

Vanquished Creatures
  Harold (D:9)
  A two-headed ogre (D:9)
  A deep elf pyromancer (D:9)
  A cane toad (shapeshifter) (D:9)
  Prince Ribbit (D:8)
  A hornet (D:7)
  A wyvern (D:9)
  A vampire (D:9)
  8 yaks
  2 steam dragons
  2 vampire mosquitoes (D:9)
  A water moccasin (D:9)
  An orc warrior (D:8)
  4 sky beasts
  A crocodile (D:9)
  A crocodile (shapeshifter) (D:9)
  5 ogres
  2 centaurs
  A phantom (D:7)
  A kobold brigand (D:9)
  2 bullfrogs
  A scorpion (D:7)
  3 wights (D:8)
  3 killer bees (D:8)
  11 howler monkeys
  A crimson imp (D:7)
  5 bombardier beetles
  2 hounds (D:5)
  A jelly (D:7)
  3 orc priests
  3 iguanas
  A sleepcap (D:9)
  13 orc wizards
  5 adders
  3 gnolls (D:5)
  4 white imps
  30 orcs
  8 endoplasms
  6 giant cockroaches
  7 hobgoblins
  8 jackals
  2 quokkas (D:4)
  4 ball pythons
  2 bats (D:1)
  A frilled lizard (D:1)
  13 goblins
  7 kobolds
  6 rats
192 creatures vanquished.

Notes
Turn   | Place    | Note
-------+----------+-------------------------------------------
     0 | D:1      | Sobieck the Mountain Dwarf Earth Elementalist began the
                  | quest for the Orb.
     0 | D:1      | Reached XP level 1. HP: 14/14 MP: 3/3
   198 | D:1      | Reached XP level 2. HP: 20/20 MP: 1/4
   338 | D:1      | Reached skill level 1 in Armour
   802 | D:1      | Reached skill level 4 in Earth Magic
  1039 | D:2      | Reached XP level 3. HP: 22/26 MP: 4/6
  1087 | D:2      | Noticed an ogre
  1091 | D:2      | Killed an ogre
  1092 | D:2      | Reached XP level 4. HP: 33/33 MP: 3/7
  1649 | D:3      | Reached skill level 5 in Earth Magic
  1653 | D:3      | Learned a level 3 spell: Stone Arrow
  1694 | D:3      | Found a faded altar of an unknown god.
  2021 | D:3      | Reached XP level 5. HP: 38/38 MP: 8/8
  2297 | D:3      | Found a runed translucent gate.
  2297 | D:3      | Found a runed translucent gate.
  2299 | D:3      | Found a runed translucent gate.
  2299 | D:3      | Noticed THTSBRD's ghost (weakling CoGl)
  2299 | D:3      | Noticed Splishie's ghost (amateur GnMo)
  2300 | D:3      | Noticed AutarchDCSS's ghost (amateur CoBr)
  2301 | D:3      | Noticed Jaxible's ghost (amateur TrBe)
  2803 | D:4      | Reached skill level 3 in Armour
  2812 | D:4      | Reached skill level 3 in Spellcasting
  2812 | D:4      | Reached XP level 6. HP: 18/45 MP: 10/10
  2926 | D:4      | Reached skill level 6 in Earth Magic
  3182 | D:4      | Reached XP level 7. HP: 50/50 MP: 12/12
  3290 | D:4      | Found a basalt altar of Yredelemnul.
  3322 | D:4      | Found an ornate altar of the Wu Jian Council.
  3335 | D:4      | Reached skill level 7 in Earth Magic
  3446 | D:4      | Found Uteywach's Magic Scroll Emporium.
  3476 | D:4      | Bought a scroll of identify for 22 gold pieces
  3476 | D:4      | Bought a scroll of identify for 22 gold pieces
  3476 | D:4      | Bought a scroll of noise for 11 gold pieces
  3619 | D:5      | Entered Level 5 of the Dungeon
  3871 | D:5      | Found an ancient bone altar of Kikubaaqudgha.
  3987 | D:5      | Found Teecher's Assorted Antiques.
  3994 | D:5      | Bought a fizzy orange potion for 27 gold pieces
  4460 | D:6      | Found a snail-covered altar of Cheibriados.
  4582 | D:6      | Found a staircase to the Ecumenical Temple.
  4593 | Temple   | Entered the Ecumenical Temple
  4610 | D:6      | Reached skill level 8 in Earth Magic
  4610 | D:6      | Reached XP level 8. HP: 57/57 MP: 14/14
  5286 | D:7      | Reached skill level 9 in Earth Magic
  5382 | D:7      | Noticed a hornet
  5391 | D:7      | Killed a hornet
  5392 | D:7      | Reached skill level 6 in Armour
  6024 | D:7      | Found a radiant altar of Vehumet.
  6024 | D:7      | Found a burning altar of Makhleb.
  6032 | D:7      | Became a worshipper of Vehumet
  6179 | D:8      | Noticed Prince Ribbit
  6186 | D:8      | Killed Prince Ribbit
  6187 | D:8      | Reached XP level 9. HP: 62/62 MP: 16/16
  6196 | D:8      | Reached skill level 10 in Earth Magic
  7087 | D:7      | Reached skill level 11 in Earth Magic
  7088 | D:7      | Reached * piety under Vehumet
  7088 | D:7      | Offered knowledge of Magic Dart by Vehumet.
  7371 | D:8      | Reached skill level 6 in Spellcasting
  7973 | D:8      | HP: 3/62 [killer bee (2)]
  8202 | D:9      | Reached XP level 10. HP: 53/69 MP: 19/19
  8270 | D:9      | Noticed a cane toad
  8275 | D:9      | Killed a cane toad
  8279 | D:9      | Noticed a two-headed ogre
  8289 | D:9      | Killed a two-headed ogre
  8290 | D:9      | Reached skill level 12 in Earth Magic
  8376 | D:9      | Found a runed translucent gate.
  8378 | D:9      | Found a runed translucent gate.
  8382 | D:9      | Found a runed translucent gate.
  8402 | D:9      | Noticed lunkers's ghost (journeyman CoGl)
  8585 | D:9      | Noticed Harold
  8595 | D:9      | Killed Harold
  8596 | D:9      | Reached skill level 13 in Earth Magic
  8609 | D:9      | Noticed Joseph
  8610 | D:9      | Noticed a two-headed ogre
  8613 | D:9      | Noticed a white ugly thing
  8633 | D:9      | Reached skill level 9 in Armour
  8634 | D:9      | Noticed a harpy
  8634 | D:9      | Noticed a two-headed ogre
  8637 | D:9      | a harpy changed into a crocodile
  8763 | D:9      | Noticed a deep elf pyromancer
  9097 | D:9      | Killed a deep elf pyromancer
  9122 | D:9      | Offered knowledge of Foxfire by Vehumet.
  9158 | D:9      | Noticed Erolcha
  9166 | D:9      | Slain by Erolcha

Illustrated notes

Levels and vault maps discovered:
D:1:      dpeg_arrival_refuge, layout_basic
D:2:      layout_basic
D:3:      layout_loops_cross, basic_ecumenical_altar, gammafunk_ghost_cemetery
D:4:      layout_cave_pods, mainiacjoe_overflow_catwalk_spiral, serial_shops,
          shop, minmay_misc_feat_tower
D:5:      layout_loops_ring, mainiacjoe_overflow_catwalk, serial_shops, shop
D:6:      layout_rooms, slow_altar_1, minmay_temple_entry_offerings,
          serial_library_hellmonk_semicircle
D:7:      layout_basic, grunt_temple_overflow_lords_of_destruction,
          serial_curves, eino_curves_01, eino_curves_03
D:8:      layout_layer_cave, uniq_prince_ribbit1
D:9:      regret_index_malice_mire, layout_basic, gammafunk_ghost_split,
          billiards_dpeg, uniq_harold, uniq_erolcha, uniq_joseph
Temple:   nicolae_temple_bog_church

Skill      XL: |  1  2  3  4  5  6  7  8  9 10 |
---------------+-------------------------------+-----
Spellcasting   | 2 3 4 5 6 7 |  7.3
Armour         | 1 2 3 4 6 7 9 |  9.2
Earth Magic    | 4 5 6 8 9 11 13 | 13.4
Dodging        | |  1.3
Stealth        | |  1.4
Conjurations   | |  0.8

Action                     |  1- 3 |  4- 6 |  7- 9 | 10-12 || total
---------------------------+-------+-------+-------+-------++-------
  Melee: Dagger            |     8 |     6 |     5 |     4 ||    23
   Cast: Sandblast         |    33 |    83 |   179 |    54 ||   349
         Stone Arrow       |       |       |     7 |    24 ||    31
  Evoke: Wand              |       |       |       |     1 ||     1
    Use: Scroll            |       |     8 |     9 |     2 ||    19
         Potion            |       |       |     2 |     3 ||     5
 Armour: Robe              |    12 |     1 |       |       ||    13
         Ring mail         |       |    19 |   132 |    54 ||   205
  Dodge: Dodged            |     9 |    18 |    59 |    21 ||   107

Table legend: (Time is in decaauts)
 A = Elapsed time spent in this place.
 B = Non-inter-level travel time spent in this place.
 C = Inter-level travel time spent in this place.
 D = Time resting spent in this place.
 E = Time spent auto-exploring this place.
 F = Levels seen in this place.
 G = Mean time per level.
                   A        B        C        D        E       F      G
               +--------+--------+--------+--------+--------+-----+--------+
         Total |   9329 |   9096 |    233 |   1426 |   6462 |  10 |  932.9 |
       Dungeon |   9327 |   9094 |    233 |   1426 |   6462 |   9 | 1036.3 |
        Temple |      1 |      1 |      0 |      0 |      0 |   1 |    1.0 |
               +--------+--------+--------+--------+--------+-----+--------+

Top non-repeatable levels by time:
     D:8: 2086 daAuts
     D:7: 1480 daAuts
     D:4: 1131 daAuts
     D:1: 1029 daAuts
     D:3: 937 daAuts
     D:5: 829 daAuts
     D:9: 640 daAuts
     D:6: 609 daAuts
     D:2: 583 daAuts
  Temple: 1 daAuts
